 Dungeon Crawl Stone Soup version 0.31.0-11-ge490571c62 (webtiles) character file.

Game seed: 10371813969738132629

172 Buffagor the Insei (level 5, -1/55 HPs)
             Began as a Merfolk Shapeshifter on Feb 10, 2024.
             Slain by Grinder (4 damage)
             ... on level 3 of the Dungeon.
             The game lasted 00:04:56 (1831 turns).

Buffagor the Insei (Merfolk Shapeshifter)           Turns: 1831, Time: 00:04:56

Health: -1/55      AC:  6    Str: 14    XL:     5   Next: 53%
Magic:  5/5        EV: 12    Int: 10    God:
Gold:   113        SH:  0    Dex: 15    Spells: 4/4 levels left

rFire   . . .        a - +2 dagger (elec)
rCold   . . .        (no shield)
rNeg    . . .        h - +0 animal skin
rPois   .            (helmet currently unavailable)
rElec   .            (cloak currently unavailable)
rCorr   .            (gloves currently unavailable)
SInv    .            (boots currently unavailable)
Will    .....        (no amulet) Stlth
                     f - +4 ring of protection
HPRegen 0.29/turn    (no ring)
MPRegen 0.09/turn

%: no passive effects
@: berserking, beast-form, very quick
A: beast (slay +3), (nimble swimmer 2), mertail
a: Begin Untransformation


You were on level 3 of the Dungeon.
You were a hulking beast.
You visited 1 branch of the dungeon, and saw 3 of its levels.

You collected 113 gold pieces.

Inventory:

Hand Weapons
 a - a +2 dagger of electrocution (weapon)
 b - a +0 sling
Missiles
 l - 6 large rocks
 n - 6 javelins
 p - 24 stones
Armour
 h - a +0 animal skin (worn)
Jewellery
 f - a +4 ring of protection (left hand)
Talismans
 c - a beast talisman
 d - a flux talisman
Scrolls
 g - 4 scrolls of identify {unknown}
 i - a scroll of enchant weapon {unknown}
 k - a scroll of vulnerability {unknown}
 m - a scroll of revelation {unknown}
 o - a scroll of blinking {unknown}
 q - a scroll of butterflies {unknown}
Potions
 e - 2 potions of curing {unknown}
 j - a potion of berserk rage


   Skills:
 - Level 1.1 Fighting
 - Level 2.6 Dodging
 * Level 5.7 Unarmed Combat
 + Level 5.4 Shapeshifting


You had 4 spell levels left.
You didn't know any spells.
Your spell library contained the following spells:

 Spells                   Type           Power      Damage    Failure   Level
 Slow                     Hex            0%         N/A       36%         1
 Ensorcelled Hibernation  Hex/Ice        0%         N/A       50%         2
 Confusing Touch          Hex            0%         N/A       75%         3
 Fugue of the Fallen      Necr           0%         N/A       75%         3
 Sigil of Binding         Hex            0%         N/A       75%         3
 Vampiric Draining        Necr           0%         2d6       75%         3
 Anguish                  Hex/Necr       0%         N/A       98%         4


Dungeon Overview and Level Annotations

Branches:
Dungeon (3/15)

Altars:

Annotations:
D:3 Grinder


Innate Abilities, Weirdness & Mutations

You are a hulking beast.
Your limbs bulge with bestial killing power. (Slay +3)
((You are very nimble when in or above water. (Stealth+, EV+, Speed+++)))
Your lower body shifts to a powerful aquatic tail in water.


Message History

Grinder is heavily wounded.
Grinder hits you.
You writhe in agony.
You hit Grinder. You punch Grinder.
Grinder is severely wounded.
Grinder blinks!
Your +2 dagger of electrocution stops crackling.
b - a +0 sling (weapon)
Fire: b) +0 sling
Press: ? - help, Q - select action, (/) - cycle Shift-Dir - straight line, f/p - Grinder
Aim: Grinder (severely wounded, 55% to hit)
You shoot a sling bullet. The sling bullet hits Grinder.
Grinder is almost dead.
Grinder blinks!
Fire: b) +0 sling
Press: ? - help, Q - select action, (/) - cycle Shift-Dir - straight line, f/p - Grinder
Aim: Grinder (severely wounded, 55% to hit)
You shoot a sling bullet.
The sling bullet closely misses Grinder.
Grinder gestures at you. Pain shoots through your body!
* * * LOW HITPOINT WARNING * * *
It was a potion of berserk rage.
A red film seems to cover your vision as you go berserk!
You feel yourself moving faster!
You feel mighty! Grinder gestures at you.
You barely resist.
You hear the crackle of electricity.
a - a +2 dagger of electrocution (weapon)
You feel a strong urge to attack something.
Grinder hits you!
* * * LOW HITPOINT WARNING * * *
You writhe in agony.
* * * LOW HITPOINT WARNING * * *
Things that are here:
a +0 club; a kobold corpse You hit Grinder.
Grinder is almost dead.
Grinder hits you.
You die...
Grinder says, "Hey, I wasn't done torturing you yet!"

.##....##.#
................
.###...##.# #.#
##'# .# #......####
#.# ##..# .#
#...#.....# #.#
##..## .#
#...##.##.# #.#
#..## .
#...##.##.###.#
#)##
+...+..##..##.###.#
#...######.##.....#
#...# #.##h.####
#...# #..5>## ....#
###### ....#


You could see Grinder.

Vanquished Creatures
  The ghost of safid the Ruffian, an amateur DrSh (D:3)
  4 adders
  2 ribbon worms (D:2)
  A dart slug (D:2)
  3 ball pythons
  A bat (D:1)
  4 endoplasms
  5 giant cockroaches
  4 hobgoblins
  4 jackals (D:1)
  2 quokkas (D:1)
  7 goblins
  4 kobolds
  2 rats
44 creatures vanquished.

Notes
Turn   | Place    | Note
-------+----------+-------------------------------------------
     0 | D:1      | Buffagor the Merfolk Shapeshifter began the quest for the
                  | Orb.
     0 | D:1      | Reached XP level 1. HP: 15/15 MP: 1/1
   226 | D:1      | Reached XP level 2. HP: 17/21 MP: 2/2
   693 | D:1      | Reached XP level 3. HP: 26/26 MP: 3/3
  1343 | D:2      | Reached XP level 4. HP: 32/32 MP: 4/4
  1654 | D:3      | Found a runed translucent gate.
  1654 | D:3      | Found a runed translucent gate.
  1654 | D:3      | Found a runed translucent gate.
  1655 | D:3      | Noticed safid's ghost (amateur DrSh)
  1682 | D:3      | Killed safid's ghost
  1683 | D:3      | Reached skill level 5 in Unarmed Combat
  1683 | D:3      | Reached skill level 5 in Shapeshifting
  1683 | D:3      | Reached XP level 5. HP: 37/37 MP: 5/5
  1794 | D:3      | Noticed Grinder
  1817 | D:3      | Paralysed by Grinder for 5 turns
  1831 | D:3      | Slain by Grinder

Illustrated notes

Levels and vault maps discovered:
D:1:      ldierk_walled_garden_2, layout_basic, serial_bayou_lagoon_b
D:2:      layout_loops_ring
D:3:      layout_basic, mainiacjoe_overflow_paths, serial_bayou,
          serial_bayou_ford_a, serial_bayou_shore_b, serial_bayou_shore_b,
          serial_bayou_pond_c, ebering_ghost_rock_garden, uniq_ijyb,
          uniq_grinder, uniq_jessica

Skill      XL: |  1  2  3  4 |
---------------+-------------+-----
Unarmed Combat | 4 5 |  5.7
Shapeshifting  | 5 |  5.4
Fighting       | |  1.1
Dodging        | |  2.6

Action                     |  1- 3 |  4- 6 || total
---------------------------+-------+-------++-------
  Melee: Unarmed           |    51 |       ||    51
         Dagger            |    37 |    34 ||    71
         Tailslap          |     3 |       ||     3
         Punch             |     2 |     1 ||     3
   Fire: Sling             |    11 |    13 ||    24
  Throw: Stone             |    18 |       ||    18
    Use: Potion            |       |     2 ||     2
   Stab: Sleeping          |     4 |     1 ||     5
 Armour: Animal skin       |    30 |    12 ||    42
         Skin              |       |    48 ||    48
  Dodge: Dodged            |    47 |     5 ||    52
